 Dungeon Crawl Stone Soup version 0.29-a0-972-g43c84944fd (webtiles) character file.

Game seed: 12310186414280868351

53 Ajdolov the Chopper (level 3, -2/31 HPs)
             Began as a Hill Orc Monk on July 31, 2022.
             Killed from afar by an orc wizard (10 damage)
             ... with a magic dart
             ... on level 3 of the Dungeon.
             The game lasted 00:01:42 (1880 turns).

Ajdolov the Chopper (Hill Orc Monk)                 Turns: 1880, Time: 00:01:43

Health: -2/31      AC:  7    Str: 15    XL:     3   Next: 89%
Magic:  3/3        EV: 11    Int: 10    God:
Gold:   92         SH:  0    Dex: 13    Spells: 2/2 levels left

rFire   . . .      SeeInvis .   a - +0 hand axe
rCold   . . .      Faith    .   (no shield)
rNeg    . . .      Spirit   .   d - +0 ring mail
rPois   .          Reflect  .   (no helmet)
rElec   .          Harm     .   (no cloak)
rCorr   .          Rampage  .   m - +1 pair of gloves
Will    .....                   (no boots)
Stlth   +.........              (no amulet)
HPRegen 0.10/turn               (no ring)
MPRegen 0.08/turn               (no ring)

@: no status effects
A: no striking features
a: no special abilities


You were on level 3 of the Dungeon.
You visited 1 branch of the dungeon, and saw 3 of its levels.

You collected 92 gold pieces.

Inventory:

Hand Weapons
 a - a +0 hand axe (weapon)
Armour
 d - a +0 ring mail (worn)
 m - a +1 pair of gloves (worn)
Wands
 p - a wand of acid (11)
Scrolls
 h - 4 scrolls of identify {unknown}
 i - 3 scrolls of vulnerability {unknown}
 k - 2 scrolls of enchant armour {unknown}
 l - a scroll of teleportation {unknown}
 n - a scroll of poison {unknown}
 o - a scroll of noise {unknown}
Potions
 b - a potion of brilliance {unknown}
 c - a potion of ambrosia
 e - a potion of lignification {unknown}
 f - 2 potions of flight {unknown}
 g - a potion of curing {unknown}
 j - a potion of heal wounds {unknown}
 q - a potion of resistance {unknown}


   Skills:
 - Level 3.6 Fighting
 - Level 6.1 Axes
 - Level 2.4 Dodging
 - Level 1.5 Stealth
 * Level 0.4 Evocations


You had 2 spell levels left.
You didn't know any spells.
Your spell library contained the following spells:

 Spells                   Type           Power      Damage    Failure   Level
 Necrotise                Necr           0%         1d4       58%         1
 Summon Small Mammal      Summ           0%         N/A       58%         1
 Call Canine Familiar     Summ           0%         N/A       92%         3
 Summon Guardian Golem    Hex/Summ       0%         N/A       92%         3
 Vampiric Draining        Necr           0%         2d6       92%         3
 Agony                    Necr           0%         N/A       100%        5


Dungeon Overview and Level Annotations

Branches:
Dungeon (3/15)

Altars:


Message History

You completely miss the orc wizard.
The orc wizard is lightly wounded.
You barely miss the orc.
The orc wizard hits you with a +0 dagger.
The orc hits you but does no damage.
You closely miss the orc wizard.
The orc wizard is lightly wounded.
You hit the orc.
The orc wizard hits you with a +0 dagger.
The orc hits you with a +0 short sword.
You hit the orc wizard.
The orc wizard is moderately wounded.
You hit the orc but do no damage.
The orc wizard hits you but does no damage.
The orc closely misses you.
You closely miss the orc wizard.
The orc wizard is moderately wounded.
You hit the orc.
The orc wizard hits you but does no damage.
The orc hits you but does no damage.
You closely miss the orc wizard.
The orc wizard is moderately wounded.
You hit the orc but do no damage.
The orc wizard hits you with a +0 dagger.
* * * LOW HITPOINT WARNING * * *
The orc closely misses you.
You slash the orc wizard!
The orc wizard is severely wounded.
You hit the orc but do no damage.
The orc wizard hits you but does no damage.
The orc hits you with a +0 short sword.
* * * LOW HITPOINT WARNING * * *
Unknown command.
You closely miss the orc wizard.
The orc wizard is severely wounded.
You hit the orc.
You kill the orc!
The orc wizard points at you and mumbles some strange words.
The magic dart hits you!
You die...

## .# ### .# #.#
.# #.###### ##
#..#.#....)@# #
....#.####o# #
#...#.# #.# #
.>.#.# #.# #
#..#o# #.# #
#..#.# #.# #
#..#o####.# #
#..o......### #
.ooo..##........#


You could see an orc wizard.

Vanquished Creatures
  An adder (D:2)
  A dart slug (D:1)
  3 orcs (D:3)
  4 ball pythons
  3 endoplasms
  2 goblins (D:1)
  6 hobgoblins (D:1)
  3 jackals (D:2)
  3 kobolds
  2 quokkas
  4 bats
  A frilled lizard (D:2)
  2 rats
35 creatures vanquished.

Notes
Turn   | Place    | Note
-------+----------+-------------------------------------------
     0 | D:1      | Ajdolov the Hill Orc Monk began the quest for the Orb.
     0 | D:1      | Reached XP level 1. HP: 19/19 MP: 1/1
   191 | D:1      | Reached XP level 2. HP: 21/26 MP: 2/2
   302 | D:1      | Found a faded altar of an unknown god.
   420 | D:1      | Reached skill level 5 in Axes
   699 | D:1      | Reached XP level 3. HP: 26/31 MP: 3/3
  1240 | D:2      | Reached skill level 6 in Axes
  1880 | D:3      | Killed from afar by an orc wizard

Illustrated notes

Levels and vault maps discovered:
D:1:      mrwooster_arrival_statue_2, layout_basic, basic_ecumenical_altar
D:2:      layout_loops_ring, lightli_corner_chamber
D:3:      layout_basic, portal_sewer_entry_d, uniq_natasha, uniq_jessica

Skill      XL: |  1  2  3 |
---------------+----------+-----
Axes           | 5 6 |  6.1
Fighting       | |  3.6
Dodging        | |  2.4
Stealth        | |  1.5
Evocations     | |  0.4

Action                   || total
-------------------------++-------
Melee: Hand axe          ||   115
       Punch             ||     1
 Stab: Sleeping          ||     4
Armor: Ring mail         ||    45
Dodge: Dodged            ||    63

Table legend: (Time is in decaauts)
 A = Elapsed time spent in this place.
 B = Non-inter-level travel time spent in this place.
 C = Inter-level travel time spent in this place.
 D = Time resting spent in this place.
 E = Time spent auto-exploring this place.
 F = Levels seen in this place.
 G = Mean time per level.
                   A        B        C        D        E       F      G
               +--------+--------+--------+--------+--------+-----+--------+
         Total |   1882 |   1816 |     66 |      3 |   1530 |   3 |  627.3 |
       Dungeon |   1882 |   1816 |     66 |      3 |   1530 |   3 |  627.3 |
               +--------+--------+--------+--------+--------+-----+--------+

Top non-repeatable levels by time:
     D:1: 891 daAuts
     D:2: 860 daAuts
     D:3: 130 daAuts
